Cogmind - Beta 16 @@@ ROGUE MODE // 2025.10.27 @ 22:33:20 Player: Mxykikker Result: Self-destructed Performance ------------- Evolutions (3) 1500 Regions Visited (4) 800 Robots Destroyed (44) 220 Value Destroyed (1259) 1259 Prototype IDs (2) 40 Alien Tech Used (0) 0 Bonus (0) 0 TOTAL SCORE: 3819 Bonus ------- None Cogmind --------- Core Integrity 509/700 Matter 290/300 Energy 160/160 System Corruption 1% Temperature Cool (0) Movement Rolling (120) Ox2 Location -7/Factory Parts ------- > --- POWER (1) -------- Light Nuclear Core > --- PROPULSION (4) --- Armored Wheel Armored Wheel Armored Wheel > --- UTILITY (5) ------ Huge Storage Unit Machine Analyzer Melee Analysis Suite Microactuators > --- WEAPON (3) ------- Katana Axe Axe > --- INVENTORY (25) --- Light Nuclear Core Light Nuclear Core Cesium-ion Thruster Cesium-ion Thruster Cesium-ion Thruster Heat Sink Improved Sensor Array Improved Signal Interpreter Target Analyzer Advanced ECM Suite Light Armor Plating Light Armor Plating Improved Light Armor Plating Assault Cannon Flak Cannon Mini Grenade Launcher Multitool Multitool Scythe Axe Peak State ------------ > --- POWER ------------ Light Nuclear Core > --- PROPULSION ------- Armored Wheel Armored Wheel Armored Wheel Cesium-ion Thruster > --- UTILITY ---------- Huge Storage Unit Machine Analyzer Melee Analysis Suite Microactuators Improved Light Armor Plating > --- WEAPON ----------- Katana Axe Axe > --- INVENTORY -------- Light Nuclear Core Light Nuclear Core Armored Wheel Cesium-ion Thruster Cesium-ion Thruster Heat Sink Improved Sensor Array Improved Signal Interpreter Target Analyzer Advanced ECM Suite Light Armor Plating Light Armor Plating Improved Light Armor Plating Assault Cannon Flak Cannon Mini Grenade Launcher Multitool Multitool Scythe Axe [Rating: 40] Favorites ----------- Power Light Nuclear Core Engine Ion Engine Power Core Light Nuclear Core Propulsion Armored Wheel Treads Light Treads Wheel Armored Wheel Flight Unit Flight Unit Utility Huge Storage Unit Device Microactuators Storage Huge Storage Unit Processor Machine Analyzer Hackware Hacking Suite Protection Improved Light Armor Plating Weapon Axe Ballistic Gun Assault Rifle Ballistic Cannon Assault Cannon Launcher Mini Grenade Launcher Special Weapon Multitool Impact Weapon Hammer Slashing Weapon Axe Build | -11 -10 -10 -8 -7 ------- Run | Yrd Mat Sub Mat Fac Slots Evolved 6 | . . . 4 2 Power . | . . . . . Propulsion 2 | . . . 1 1 Utility 3 | . . . 3 . Weapon 1 | . . . . 1 Parts Attached 45 | 6 5 4 27 3 Power 6 | 1 . 1 3 1 Engine 2 | 1 . 1 . . Core 4 | . . . 3 1 Reactor . | . . . . . Propulsion 14 | 2 . 2 10 . Treads 2 | 2 . . . . Leg . | . . . . . Wheel 8 | . . 1 7 . Hover . | . . . . . Flight 4 | . . 1 3 . Utility 13 | 1 3 . 8 1 Device 1 | . . . . 1 Storage 4 | 1 3 . . . Processor 3 | . . . 3 . Hackware 1 | . . . 1 . Protection 4 | . . . 4 . Artifact . | . . . . . Weapon 12 | 2 2 1 6 1 Energy Gun . | . . . . . Energy Cannon . | . . . . . Ballistic Gun 3 | 2 . 1 . . Ballistic Cannon 1 | . . . 1 . Launcher 1 | . . . 1 . Special Weapon 1 | . . . . 1 Impact Weapon 1 | . 1 . . . Slashing Weapon 5 | . 1 . 4 . Piercing Weapon . | . . . . . Special Melee Weapon . | . . . . . Unidentified Prototypes . | . . . . . Parts Lost 15 | . 2 3 7 3 Power 2 | . 1 . 1 . Propulsion 6 | . . 2 2 2 Utility 4 | . . . 3 1 Weapon 3 | . 1 1 1 . Highest Loss Streak 3 | . 1 3 2 2 To Critical Strikes 2 | . . 1 1 . Average Backups 9 | . 1 4 12 19 Power . | . . . . 1 Propulsion 2 | . . . 4 3 Utility 2 | . . 2 . 6 Weapon 2 | . . . 3 5 Tool/Special . | . . . . . Unused Backups 14 | . . 1 2 11 Power 1 | . . . . 1 Propulsion . | . . . . . Utility 7 | . . . . 7 Weapon 5 | . . 1 2 2 Tool/Special 1 | . . . . 1 Average Slot Usage (%) 84 | . 80 42 87 99 Engine 3 | . 10 1 1 . Core 3 | . . . 5 7 Treads 8 | . 28 3 . . Wheel 17 | . . . 25 30 Storage 11 | . 20 2 8 7 Processor 10 | . . . 15 18 Protection 5 | . . . 10 6 Ballistic Gun 5 | . 17 8 . . Launcher 1 | . . . 2 . Impact Weapon 2 | . 1 14 1 . Slashing Weapon 10 | . 1 2 11 22 Peak Build Rating 40 | 6 7 6 30 40 Average Rating 19 | 3 5 3 23 37 On Entrance 9 | . 6 5 5 30 Avg Prop Armor Cover (%) . | . . . . . Naked Turns . | . . . . . Heaviest Build 112 | 14 91 24 112 99 Greatest Support 48 | 40 40 40 36 48 Greatest Overweight (x) 7 | . 2 7 7 2 Average Overweight (x) 1 | . . . 2 2 Largest Inventory Capacity 25 | 8 25 15 25 25 Average Capacity 20 | 6 17 6 24 25 Most Carried 21 | . 5 5 19 21 Average Carried 9 | . 1 4 12 19 Final Capacity 25 | 8 15 5 25 25 Final Carried 20 | . 4 5 19 20 Class Distribution -------------------- 58% | Mutant 35% | Gladiator 6% | Scavenger-Gladiator Dominant Class ---------------- Mutant | -10/Materials Mutant | -10/Subcaves Mutant | -8/Materials Gladiator | -7/Factory Resources | -11 -10 -10 -8 -7 ----------- Run | Yrd Mat Sub Mat Fac Matter Collected 1222 | 181 353 88 480 120 Remotely . | . . . . . Salvage Created 1582 | . 253 122 744 463 Parts 96 | . 16 5 50 25 Haulers Intercepted 5 | . . . 4 1 Recyclers Shooed . | . . . . . Parts Field Recycled . | . . . . . Retrieved Matter . | . . . . . Parts Self-Destructed . | . . . . . Prevented . | . . . . . Parts Restored . | . . . . . Kills | -11 -10 -10 -8 -7 ------- Run | Yrd Mat Sub Mat Fac Combat Hostiles Destroyed 28 | . 6 2 13 7 Melee 15 | . 1 . 7 7 Guns 5 | . 5 . . . Cannons 2 | . . . 2 . AOE 4 | . . . 4 . Classes Destroyed 14 | . 3 2 7 2 Worker 6 | . 1 . 1 4 Builder 1 | . . . 1 . Hauler 5 | . . . 4 1 Recycler 1 | . . . 1 . Operator 2 | . 1 . . 1 Watcher 1 | . . . . 1 Swarmer 3 | . . . 3 . Grunt 15 | . 6 . 3 6 Duelist 1 | . . . 1 . Sentry 5 | . . . 5 . Hunter 1 | . . . 1 . Programmer 1 | . . . . 1 Artisan 1 | . . 1 . . Subdweller 2 | . . 2 . . Best Kill Streak 5 | . 3 1 3 5 Combat Bots Only 3 | . 2 1 3 2 Max Kills in Single Turn 5 | . 1 1 2 5 Gunslinging . | . . . . . Exploded 2 | . . . 2 . Melee 1 | . 1 . 1 1 Uniques/NPCs Destroyed . | . . . . . Combat | -11 -10 -10 -8 -7 -------- Run | Yrd Mat Sub Mat Fac Hostile Shots Fired 233 | . 64 25 110 34 Missed 56 | . 16 7 28 5 Hits 177 | . 48 18 82 29 Melee 1 | . . . 1 . Projectile 176 | . 48 18 81 29 Critical Strikes 5 | . . 2 2 1 Damage Taken 2826 | . 584 390 1193 659 Core 588 | . 107 104 186 191 Absorbed by Shields . | . . . . . Core Remaining (%) 60 | 100 . 15 66 . Volleys Fired 71 | . 38 4 27 2 Largest 2 | . 2 1 1 1 Hottest 40 | . 40 25 37 30 Shots Fired 94 | . 61 4 27 2 Gun 65 | . 61 4 . . Cannon 17 | . . . 17 . Launcher 10 | . . . 10 . Special 2 | . . . . 2 Kinetic 82 | . 61 4 17 . Thermal 2 | . . . . 2 Explosive 10 | . . . 10 . Electromagnetic . | . . . . . Robot Hit Streak 11 | . 11 3 4 . Robot Miss Streak 3 | . 3 2 2 . Penetration Max . | . . . . . Secondary Targets 1 | . 1 . . . Max Gunslinging Chain 1 | . 1 . . . Shots Hit Robots 116 | . 45 14 30 27 Core Hits 56 | . 16 1 24 15 Critical Kills . | . . . . . Critical Parts Destroyed 4 | . 2 2 . . Critical Strikes 8 | . 2 3 2 1 Destroy 2 | . 2 . . . Smash 3 | . . 3 . . Sever 3 | . . . 2 1 Melee Attacks 104 | . 7 19 32 46 Impact 25 | . 6 19 . . Slashing 79 | . 1 . 32 46 Piercing . | . . . . . Sneak Attacks 6 | . . 1 3 2 Combat Hostiles . | . . . . . Follow-up Attacks 16 | . . . 4 12 Damage Inflicted 3872 | . 567 340 1661 1304 Guns 485 | . 463 22 . . Cannons 222 | . . . 222 . Explosions 874 | . . . 606 268 Melee 2268 | . 81 318 833 1036 Ramming 23 | . 23 . . . Kinetic 707 | . 463 22 222 . Thermal . | . . . . . Explosive 874 | . . . 606 268 Electromagnetic . | . . . . . Impact 399 | . 81 318 . . Slashing 1869 | . . . 833 1036 Piercing . | . . . . . Highest Corruption 1 | . . . . 1 Average Corruption 1 | . . . . 1 Corruption Purged . | . . . . . Corruption Blocked . | . . . . . Effects 3 | . . . . 3 Data Loss (minor) 2 | . . . . 2 Data Loss (major) 1 | . . . . 1 Overload Shots . | . . . . . Overflow Damage 210 | . . 52 21 137 Projectiles . | . . . . . Explosions 47 | . . . 21 26 Melee 163 | . . 52 . 111 Knockbacks 4 | . 1 1 2 . Impact 2 | . 1 1 . . Kinetic 2 | . . . 2 . Secondary . | . . . . . Self-Inflicted Damage 211 | . . . . 211 Shots 2 | . . . . 2 Rammed 4 | . 4 . . . Targets Rammed 5 | . 5 . . . Kicked . | . . . . . Crushed 1 | . 1 . . . Highest Temperature 17 | . 5 . 17 . Average Temperature 4 | . 2 . 6 . Received Heat Transfer 867 | . 327 18 342 180 Siege Activations . | . . . . . Martial Activations . | . . . . . Shielding Activations . | . . . . . Robots Disrupted . | . . . . . Combat Hostiles . | . . . . . Robots Corrupted 2 | . . 2 . . Combat Hostiles 2 | . . 2 . . Parts Fried 3 | . . 3 . . Impact Corruptions 3 | . . 3 . . Robots Melted . | . . . . . Combat Hostiles . | . . . . . Parts Melted . | . . . . . Heat Transferred . | . . . . . Parts Sabotaged . | . . . . . Parts Stolen . | . . . . . Parts Stripped . | . . . . . Power Chain Reactions . | . . . . . Alert | -11 -10 -10 -8 -7 ------- Run | Yrd Mat Sub Mat Fac Maximum Alert Level 1 | . . . 1 . Low Security (%) 99 | 100 100 . 99 100 Level 1 . | . . . . . Level 2 . | . . . . . Level 3 . | . . . . . Level 4 . | . . . . . Level 5 . | . . . . . High Security . | . . . . . Max Security . | . . . . . Peak Influence 201 | . 50 . 201 89 Initial 60 | . . . . 60 Average 44 | . 12 . 82 24 Influence Increases 1012 | . 212 . 540 260 Destroy 0b10 Robot/C 520 | . 120 . 260 140 Destroy 0b10 Robot/NC 80 | . 10 . 35 35 Destroy Leader 142 | . 30 . 88 24 Successful Hack 21 | . 7 . 14 . Select Force Hacks 30 | . . . 30 . Disable Machine 45 | . . . . 45 Destroy Structure 69 | . . . 53 16 Lose Combat Pursuer 105 | . 45 . 60 . Influence Decreases 923 | . 209 3 407 304 Entered New Map 76 | . . 3 . 73 Time Decay 747 | . 209 . 337 201 Lost Part 100 | . . . 70 30 Squads Dispatched 13 | . 3 . 6 4 Investigation 4 | . 1 . 3 . Extermination 1 | . . . . 1 Reinforcement 6 | . 2 . 1 3 Assault 2 | . . . 2 . Garrison . | . . . . . Intercept . | . . . . . Searches Triggered . | . . . . . Construction Impeded . | . . . . . Haulers Reinforced 2 | . . . . 2 Active Scanning Responses . | . . . . . Cargo Convoy Interrupts . | . . . . . Stealth | -11 -10 -10 -8 -7 --------- Run | Yrd Mat Sub Mat Fac Distress Signals 4 | . 2 . 1 1 Communications Jammed . | . . . . . Distress Signals . | . . . . . Times Spotted 55 | . 16 3 25 11 Peak Tracking Total 6 | . 5 2 6 3 Tactical Retreats 4 | . 2 . 2 . Traps | -11 -10 -10 -8 -7 ------- Run | Yrd Mat Sub Mat Fac Traps Triggered 3 | . . . 2 1 Indirectly . | . . . . . Trap Hack Attempts . | . . . . . Triggered . | . . . . . Disarmed . | . . . . . Reprogrammed . | . . . . . Reused . | . . . . . Traps Extracted . | . . . . . Installed . | . . . . . Triggered . | . . . . . Machines | -11 -10 -10 -8 -7 ---------- Run | Yrd Mat Sub Mat Fac Machines Disabled 3 | . . . . 3 Max in Single Turn 2 | . . . . 2 Garrison Access 1 | . . . 1 . Machines Repaired . | . . . . . Machines Dismantled . | . . . . . Machines Sabotaged . | . . . . . Overloaded Fab Kills . | . . . . . Hacking | -11 -10 -10 -8 -7 --------- Run | Yrd Mat Sub Mat Fac Machines Accessed 12 | . 2 . 7 3 Terminals 9 | . 2 . 5 2 Fabricators 1 | . . . . 1 Repair Stations . | . . . . . Recycling Units 1 | . . . 1 . Scanalyzers 1 | . . . 1 . Garrison Access . | . . . . . Total Hacks 26 | . 7 . 14 5 Successful 11 | . 2 . 9 . Failed 15 | . 5 . 5 5 Catastrophic 3 | . . . 2 1 Database Lockouts . | . . . . . Manual 7 | . . . 5 2 Terminals 18 | . 7 . 8 3 Fabricators 2 | . . . . 2 Repair Stations . | . . . . . Recycling Units 3 | . . . 3 . Scanalyzers 3 | . . . 3 . Garrison Access . | . . . . . Terminal Hacks 5 | . 2 . 3 . Part Schematic 1 | . . . 1 . Prototype ID Bank 1 | . . . 1 . Locate Traps 1 | . 1 . . . Recall Investigation 1 | . 1 . . . Registered Components 1 | . . . 1 . Fabricator Hacks . | . . . . . Repair Station Hacks . | . . . . . Recycling Unit Hacks 1 | . . . 1 . Report Inventory 1 | . . . 1 . Scanalyzer 3 | . . . 3 . Insert Component 1 | . . . 1 . Analyze 1 | . . . 1 . Retrieve Study 1 | . . . 1 . Garrison Access Hacks . | . . . . . Unauthorized Hacks 2 | . . . 2 . Terminals 1 | . . . 1 . Botnet 1 | . . . 1 . Fabricators . | . . . . . Repair Stations . | . . . . . Recycling Units 1 | . . . 1 . Tunnel 1 | . . . 1 . Scanalyzers . | . . . . . Garrison Access . | . . . . . Data Cores Recovered . | . . . . . Used . | . . . . . Hacking Detections 10 | . 2 . 6 2 Full Trace Events 2 | . 1 . 1 . Feedback Events . | . . . . . Feedback Blocked . | . . . . . Robot Schematics Acquired . | . . . . . Robots Built . | . . . . . Authchips . | . . . . . Time . | . . . . . Total Robot Build Rating . | . . . . . Part Schematics Acquired 2 | . . . 2 . Parts Built . | . . . . . Authchips . | . . . . . Time . | . . . . . Total Part Build Rating . | . . . . . Part Studies Acquired 1 | . . . 1 . Parts Repaired . | . . . . . Time . | . . . . . Parts Recycled . | . . . . . Recycled Matter . | . . . . . Retrieved Matter . | . . . . . Retrieved Components . | . . . . . Parts Scanalyzed 1 | . . . 1 . Part Schematics Acquired 1 | . . . 1 . Parts Damaged . | . . . . . Bothacking | -11 -10 -10 -8 -7 ------------ Run | Yrd Mat Sub Mat Fac Used RIF Installer . | . . . . . Robots Hacked . | . . . . . Non-combat . | . . . . . Combat . | . . . . . Robot Hacks Applied . | . . . . . Relay Couplers Released 2 | . . . 2 . Machine Destruction 2 | . . . 2 . Fabnet Peak Effective % . | . . . . . Robots Rewired . | . . . . . Allies Hacked . | . . . . . Hacks Repelled . | . . . . . Allies | -11 -10 -10 -8 -7 -------- Run | Yrd Mat Sub Mat Fac Total Allies . | . . . . . Largest Group . | . . . . . Highest-Rated Group . | . . . . . Highest-Rated Ally . | . . . . . Total Orders . | . . . . . Ally Attacks . | . . . . . Total Damage . | . . . . . Kills . | . . . . . Allies Corrupted . | . . . . . Allies Melted . | . . . . . Intel | -11 -10 -10 -8 -7 ------- Run | Yrd Mat Sub Mat Fac Active Infowar (turns) 1316 | . . . 713 603 T.N.C. 981 | . . . 713 268 Machine Analysis 1167 | . . . 564 603 Robot Analysis Total . | . . . . . Derelict Logs Recovered . | . . . . . Drone Launches . | . . . . . Drone Recoveries . | . . . . . Exploration | -11 -10 -10 -8 -7 ------------- Run | Yrd Mat Sub Mat Fac Turns Passed 2628 | 78 744 186 1017 603 Spaces Moved 1598 | 47 282 224 674 371 Core 10 | 5 . 5 . . Treads 333 | 42 282 9 . . Legs . | . . . . . Wheels 1028 | . . 19 638 371 Hover . | . . . . . Flight 227 | . . 191 36 . Fastest Speed 29 | 50 160 40 29 120 Average Speed 125 | 148 205 51 117 120 Slowest Speed 400 | 160 320 400 195 120 Overloaded Moves . | . . . . . Propulsion Burnouts . | . . . . . Robots Hopped . | . . . . . Potential Cave-ins . | . . . . . Cave-ins Triggered . | . . . . . Exploration Rate (%) 29 | 4 61 13 61 9 Regions Visited 4 Branch Regions 1 Pre-discovered Areas 1 | . . . 1 . Known Exits Taken . | . . . . . Unknown Exits Taken 4 | 1 1 1 1 . Scrap Searched . | . . . . . Spaces Dug 11 | . . . 7 4 Terrain Destroyed 93 | . . . 78 15 Melee 11 | . . . 7 4 Projectile 3 | . . . 3 . AOE 79 | . . . 68 11 Terrain Rammed . | . . . . . Walls Destroyed . | . . . . . Machines Disabled . | . . . . . Actions | -11 -10 -10 -8 -7 --------- Run | Yrd Mat Sub Mat Fac Total 1972 | 52 368 259 812 481 Wait 106 | . 24 . 25 57 Move 1594 | 46 281 223 673 371 Hop . | . . . . . Pick Up 29 | . 4 3 16 6 Fast Attach 30 | 6 1 4 18 1 Attach 15 | . 3 . 7 5 Detach 9 | . 3 1 3 2 Swap 15 | . 2 . 10 3 Drop 15 | . 1 5 7 2 Fire 71 | . 38 4 27 2 Melee 82 | . 6 19 26 31 Ram . | . . . . . Kick . | . . . . . Crush 5 | . 5 . . . Escape Stasis . | . . . . . Rewire . | . . . . . Trap . | . . . . . Miscellaneous 1 | . . . . 1 Route ------- -11/Scrapyard -10/Materials (discovered 4 exits: [*Mat] / [*Min x2] / [*Sub]) -10/Subcaves -8/Materials -7/Factory History --------- Turn | Location | Event 9 | -11/Scrapyard | Discovered new exit (range 15) 79 | -11/Scrapyard | Entered Materials 272 | -10/Materials | Discovered new exit (range 6) 309 | -10/Materials | Build established: Mutant 531 | -10/Materials | Discovered new exit (range 10) 677 | -10/Materials | Discovered new exit (range 5) 790 | -10/Materials | Discovered new exit (range 6) 823 | -10/Materials | Entered Subcaves 853 | -10/Subcaves | Core integrity fell below 50% 881 | -10/Subcaves | Lost 3 parts (2n1w) 883 | -10/Subcaves | Discovered new exit (range 14) 997 | -10/Subcaves | Ambushed by angry Subdweller bent on revenge 1007 | -10/Subcaves | Core integrity fell below 20% 1009 | -10/Subcaves | Entered Materials 1009 | -8/Materials | Evolved 4 slots: Propulsion x1, Utility x3 2016 | -8/Materials | Discovered new exit (range 3) 2026 | -8/Materials | Entered Factory 2026 | -7/Factory | Evolved 2 slots: Propulsion x1, Weapon x1 2226 | -7/Factory | Build established: Gladiator 2629 | -7/Factory | Self-destructed Last Messages --------------- 02612_ R-06 Scavenger collects Particle Gun. 02612_ Connecting with Fabricator... 02621_ K-01 Serf cleans the Terminal. 02624_ K-01 Serf cleans the Nuclear Reactor. 02625_ System corrupted: Component data lost. 02625_ K-01 Serf cleans the Terminal. 02625_ K-01 Serf cleans the Fabricator. 02627_ Nuclear Reactor explodes. 02627_ Arm. Wheel destroyed. 02627_ Destroyed Arm. Wheel. 02627_ Imp. Light Armor Plating destroyed. 02627_ Destroyed Imp. Light Armor Plating. 02627_ Nuclear Reactor explodes. 02627_ K-01 Serf destroyed. 02627_ W-25 Informer destroyed. 02627_ Destroyed Wheel. 02627_ K-01 Serf destroyed. 02628_ A-02 Transporter calls for reinforcements. 02628_ ALERT: Hostile activity reported, dispatching reinforcements to area. Map ----- +----------------------------------------------------+ | ?????????????????????????????????????????????????? | | ?????????????????????????????????????????????????? | | ?????????????????????????????????????????????????? | | ?????????????????????????????????????????????????? | | ?????????????????????????????????????????????????? | | ?????????????????????????????????????????????????? | | ?????????????????????????????????????????????????? | | ?????????????????????????????????????????????????? | | ?????????????????????????????????????????????????? | | ?????????????????????????? ??????????????????? | | ?????????????????????????# #?????????????????? | | ?????????????????????????# #?????????????????? | | ?????????????????????????# #?????????????????? | | ?????????????????????????# #?????????????????? | | ????"""?""???????????????# #?????????????????? | | ????"""?""???????????????# #?????????????????? | | ????"""?T"???????????????# +?????????????????? | | ????????""??? ?????????#p #??"""?"""?"""????? | | ????"""?""?? ?????#### #??"""?"""?"""????? | | ????"""????? ###### #??"""?"""?"""????? | | ????"""????? % #?????????????????? | | ???????????# ##????????????????? | | ???????????# a ** ########?????????? | | ???????????# =** ??????????? | | ????????????? =! """""""????????? | | ??????????????????#"" @ """""""????????? | | ??????????????????#"" """""""????????? | | ??????????????????#"T """""""????????? | | ??????????????????#""=% ???????????? | | ??????????????????#"" k = """""""????????? | | ??????????????????# """""""????????? | | ??????????????????# *%% # """""""????????? | | ??????????????????##"" ""# #? """""""????????? | | ???????????????????#""F""# #?? ?????????????? | | ???????????????????# """ # #??? ????????????? | | ???????????????????####### #????#????????????? | | ????????????????????###??# #?????????????????? | | ????????????############## #?????????????????? | | ????????????# #h #??????############ | | ????????????# [# #??????# """ # | | ????????????# """""" # ######## ""T"" # | | ????????????# """""" # # "" "" # | | ????????????# """""" # # * = !# | | ????????????# """""" %+% # # | | ????????????#! """""" *# + """ # | | ????????????# """""" # # """"" # | | ????????????# """""" ! # # """"" # | | ????????????# """""" # ############ | | ????????????# """""" # | | ????????????# # | +----------------------------------------------------+ Best States ------------- Heat Dissipation 34 Energy Generation 14 Energy Capacity 250 Matter Stores 348 Matter Capacity 400 Sight Range 16 Terrain Scan Density 10 Armor Coverage 1025 Melee Speed Boost 20 Evasion (%) 64 Melee Accuracy 5 Recoil Reduction 2 Offensive Hacking 10 Item Schematics ----------------- Multitool | -8/Materials | Scanalyzed System Shield | -8/Materials | Hacked Robot Schematics ------------------ None Fabricated ------------ Nothing Repaired ---------- Nothing Studied --------- Cesium-ion Thruster | -8/Materials | Hacked Alien Tech Used ----------------- None Achievements -------------- None Challenges ------------ None Game ------ Seed BoltShiftCartridge Manual? 0 Play Time 00:35:44 Cumulative 88.5 hours Start 2025.10.27 @ 22:00:15 End 2025.10.27 @ 22:33:20 Sessions 1 Manual Loads 0 Difficulty Rogue Special Mode None Game No. 138 Rogue 138 Adventurer 0 Explorer 0 Win Type - Total 0 Types 0/0/0/0/0/0/0/0/0/0 Lore% 28 Gallery% 31 Achievement% 25 Wizard Run 0 Options --------- Layout 0 ASCII 0 Keyboard 0 Movement Arrows Keybinds 0 Fullscreen 1 Font 18/SmallcapsGlow Map View 76x50 Zoom Use 0% Tactical HUD 1 Map Filters NONE Filters NONE Steam 1 RUN: 5d18c242-7f64-4b61-9af9-ef5e3935c586